 Dungeon Crawl Stone Soup version 0.26.0-10-g1f06aea511 (webtiles) character file.

Game seed: 9416588387734736484

394 Borgoz the Slasher (level 6, 0/51 HPs)
             Began as a Ghoul Gladiator on Jan 30, 2021.
             Slain by Menkaure (12 damage)
             ... on level 6 of the Dungeon.
             The game lasted 00:06:51 (2763 turns).

Borgoz the Slasher (Ghoul Gladiator)                Turns: 2763, Time: 00:06:51

Health: 0/51       AC:  6    Str: 18    XL:     6   Next: 82%
Magic:  5/5        EV: 13    Int:  3    God:
Gold:   128        SH:  0    Dex: 12    Spells: 5/5 levels left

rFire    . . .     SeeInvis +   b - +1 dagger (venom)
rCold    + . .     Faith    .   (no shield)
rNeg     + + +     Spirit   .   m - +0 leather armour
rPois    ∞         Reflect  .   c - +0 helmet
rElec    .         Harm     .   j - +1 cloak
rCorr    .         Rampage  .   (no gloves)
Will     .....                  (no boots)
Stlth    +.........             (no amulet)
HPRegen  0.00/turn              f - ring of see invisible
MPRegen  0.09/turn              (no ring)

@: hasted, very quick
A: claws 1, cold resistance 1, negative energy resistance 3, inhibited
regeneration, torment resistance, unbreathing
a: no special abilities


You were on level 6 of the Dungeon.
You visited 1 branch of the dungeon, and saw 5 of its levels.

You collected 128 gold pieces.

Inventory:

Hand Weapons
 a - a +0 long sword
 b - a +1 dagger of venom (weapon)
Missiles
 d - a throwing net (quivered)
Armour
 c - a +0 helmet (worn)
 j - a +1 cloak (worn)
 m - a +0 leather armour (worn)
Jewellery
 f - a ring of see invisible (left claw)
Scrolls
 e - 2 scrolls of remove curse {unknown}
 g - a scroll of blinking {unknown}
 i - a scroll of fear {unknown}
 l - 4 scrolls of identify {unknown}
 n - 2 scrolls of random uselessness {unknown}
 o - a scroll of amnesia {unknown}
 p - 2 scrolls of fog {unknown}
 q - a scroll of enchant weapon {unknown}
 w - 2 scrolls of teleportation
Potions
 h - a potion of flight {unknown}
 t - a potion of cancellation {unknown}
 u - a potion of invisibility {unknown}
 v - a potion of degeneration {unknown}


   Skills:
 + Level 3.6 Fighting
 * Level 4.5 Long Blades
 - Level 1.7 Throwing
 * Level 3.3 Armour
 + Level 3.6 Dodging


You had 5 spell levels left.
You didn't know any spells.
Your spell library was empty.

Dungeon Overview and Level Annotations

Branches:
Dungeon (4/15)
 Temple: D:4-7

Altars:
Dithmenos
Qazlal
Yredelemnul
Zin

Annotations:
D:6 Menkaure


Innate Abilities, Weirdness & Mutations

You thrive by killing the living.
You are immune to poison.
You have sharp fingernails.
Your flesh is cold resistant. (rC+)
You are immune to negative energy. (rN+++)
You do not regenerate when monsters are visible.
You are immune to unholy pain and torment.
You can survive without breathing.


Message History

The throwing net closely misses the jackal.
The throwing net closely misses the jackal.
The jackal barks!
The jackal bites you.
* * * LOW HITPOINT WARNING * * *
The jackal bites you.
* * * LOW HITPOINT WARNING * * *
It was a potion of magic.
Magic courses through your body.
The jackal bites you but does no damage.
The jackal barely misses you. Menkaure barely misses you.
The jackal barely misses you.
The jackal bites you but does no damage.
It was a potion of lignification.
You feel woody for a moment. Menkaure hits you but does no damage.
The jackal bites you but does no damage.
The jackal closely misses you.
It was a potion of haste.
You feel yourself speed up. The jackal misses you.
The jackal bites you but does no damage.
Menkaure hits you!
You die...

### #.###
#####...##
##...#....#
#.........#
#......)..# #
####.##.###
#...####'##+#
(....hh@....#
......Mhh...#
............#
............#
###..###....#
#.. ###### ..
#..


You could see Menkaure and 4 jackals.

Vanquished Creatures
  Sigmund (D:3)
  An orc priest (D:3)
  An orc wizard (D:3)
  4 gnolls
  7 adders
  3 oozes
  A worm (D:3)
  3 dart slugs (D:1)
  A leopard gecko (D:3)
  4 orcs
  A ball python (D:3)
  6 bats
  3 giant cockroaches (D:3)
  3 goblins (D:1)
  8 hobgoblins
  A quokka (D:2)
  3 frilled lizards (D:1)
  10 kobolds
  5 rats
66 creatures vanquished.

Notes
Turn   | Place    | Note
-------+----------+-------------------------------------------
     0 | D:1      | Borgoz the Ghoul Gladiator began the quest for the Orb.
     0 | D:1      | Reached XP level 1. HP: 17/17 MP: 0/0
    93 | D:1      | Reached XP level 2. HP: 25/25 MP: 1/1
   149 | D:1      | Reached skill level 3 in Long Blades
   149 | D:1      | Reached skill level 1 in Armour
   237 | D:1      | Reached XP level 3. HP: 30/30 MP: 2/2
   682 | D:2      | Reached XP level 4. HP: 29/37 MP: 3/3
   915 | D:2      | Found a glowing silver altar of Zin.
   915 | D:2      | Found a basalt altar of Yredelemnul.
  1050 | D:3      | Reached XP level 5. HP: 10/45 MP: 4/4
  1328 | D:3      | Found a stormy altar of Qazlal.
  1815 | D:2      | Reached skill level 4 in Long Blades
  2356 | D:3      | Found a shadowy altar of Dithmenos.
  2380 | D:3      | Reached XP level 6. HP: 51/51 MP: 5/5
  2552 | D:3      | Noticed Sigmund
  2574 | D:3      | Killed Sigmund
  2737 | D:4      | You fall into a shaft and drop 2 floors!
  2745 | D:6      | Noticed Menkaure
  2763 | D:6      | Slain by Menkaure

Illustrated notes

Levels and vault maps discovered:
D:1:      dpeg_arrival_solitude, layout_loops_ring
D:2:      layout_rooms, gammafunk_temple_overflow_elements,
          minmay_misc_feat_more_columns
D:3:      layout_rooms, lemuel_crystal_altar, grunt_dithmenos_smoke_and_mirrors,
          uniq_sigmund
D:4:      layout_layer_cave, old_standard_altar, uniq_eustachio
D:6:      layout_gridville, uniq_grinder, uniq_menkaure

Skill      XL: |  1  2  3  4  5  6 |
---------------+-------------------+-----
Long Blades    | 3 4 |  4.5
Armour         | 1 2 3 |  3.3
Dodging        | 3 |  3.6
Fighting       | 3 |  3.6
Throwing       | |  1.7

Action                   |  1- 3 |  4- 6 || total
-------------------------+-------+-------++-------
Melee: Long sword        |    30 |       ||    30
       Dagger            |    44 |   154 ||   198
Throw: Throwing net      |       |     4 ||     4
  Use: Potion            |       |     5 ||     5
 Stab: Sleeping          |     1 |     1 ||     2
       Held in net/web   |       |     1 ||     1
Armor: Leather armour    |    27 |    43 ||    70
Dodge: Dodged            |    42 |   102 ||   144
       Rpst.: Long sword |     8 |       ||     8
